 Dungeon Crawl Stone Soup version 0.20.1-1-g8b1a95d (webtiles) character file.

13787 Peloso the Carver (level 11, -1/97 HPs)
             Began as a Minotaur Fighter on July 6, 2017.
             Was a High Priest of Okawaru.
             Slain by Gastronok (16 damage)
             ... on level 1 of the Lair of Beasts.
             The game lasted 00:36:24 (11347 turns).

Peloso the Carver (Minotaur Fighter)               Turns: 11347, Time: 00:36:25

Health: -1/97      AC: 17    Str: 22    XL:     11   Next: 80%
Magic:  10/11      EV: 11    Int:  5    God:    Okawaru [*****.]
Gold:   151        SH: 18    Dex: 12    Spells: 10/10 levels left

rFire    + . .     SeeInvis .   L - +2 falchion (holy)
rCold    . . .     Gourm    .   c - +0 shield
rNeg     . . .     Faith    .   B - +0 plate armour
rPois    .         Spirit   .   e - +1 hat
rElec    .         Reflect  +   (no cloak)
rCorr    .         Harm     .   (no gloves)
MR       .....                  (no boots)
Stlth    ..........             p - +3 amulet of reflection
Regen    0.3/turn               (no ring)
MPRegen  0.2/turn               x - ring of protection from fire

@: about to teleport, heroism
A: retaliatory headbutt, horns 2
a: Heroism, Finesse, Renounce Religion


You were on level 1 of the Lair of Beasts.
You worshipped Okawaru.
Okawaru was extremely pleased with you.
You were hungry.

You visited 3 branches of the dungeon, and saw 13 of its levels.

You collected 556 gold pieces.
You spent 405 gold pieces at shops.

Inventory:

Hand Weapons
 a - a +1 long sword of holy wrath
 L - a +2 falchion of holy wrath (weapon)
Armour
 c - a +0 shield (worn)
 e - a +1 hat (worn)
 B - a +0 plate armour (worn)
 M - a +0 chain mail of poison resistance
 R - the scarf of the Farrier {+Fly rPois Str+8 Slay-4}
   (You found it on level 10 of the Dungeon)

   It affects your strength (+8).
   It affects your accuracy and damage with ranged weapons and melee attacks
   (-4).
   It protects you from poison.
   It lets you fly.
Jewellery
 h - an uncursed ring of wizardry
 p - a +3 amulet of reflection (around neck)
 s - an uncursed ring of stealth
 w - an uncursed ring of positive energy
 x - a ring of protection from fire (right hand)
 y - an uncursed ring of see invisible
 X - an uncursed amulet of rage
Wands
 d - a wand of polymorph (10/24)
 r - a wand of iceblast (3/15)
 u - a wand of polymorph (15/24)
 C - a wand of flame (20/48)
 I - a wand of flame (17/48)
 N - a wand of confusion (26/48)
 O - a wand of iceblast (8/15)
 Q - a wand of lightning (7/15)
 S - a wand of confusion (11/48)
 U - a wand of disintegration (8/24)
Scrolls
 b - a scroll of holy word {unknown}
 g - 2 scrolls of teleportation
 i - 4 scrolls of immolation {unknown}
 k - 4 scrolls of magic mapping {unknown}
 l - 3 scrolls of identify
 n - 7 scrolls of blinking {unknown}
 z - 4 scrolls of amnesia {unknown}
 A - 2 scrolls of remove curse
 D - 3 scrolls of recharging {unknown}
 F - a scroll of enchant weapon {unknown}
 H - a scroll of fear {unknown}
 K - 3 scrolls of enchant armour
Potions
 j - 6 potions of curing
 t - 4 potions of haste
 E - 2 potions of flight
 G - 3 potions of brilliance
 P - 2 potions of ambrosia
 W - a potion of agility {unknown}
Books
 J - the Handbook of the Entourage and Transmutation
   (You found it on level 6 of the Dungeon)

   Spells                             Type                      Level
   a - Summon Butterflies             Summoning                    1
   b - Beastly Appendage              Transmutation                1
   c - Sticks to Snakes               Transmutation                2
   d - Summon Guardian Golem          Hexes/Summoning              3
   e - Spider Form                    Transmutation/Poison         3
   f - Dragon's Call                  Summoning                    9
 T - a book of Clouds

   Spells                             Type                      Level
   a - Poisonous Vapours              Poison/Air                   2
   b - Mephitic Cloud                 Conjuration/Poison/Air       3
   c - Conjure Flame                  Conjuration/Fire             3
   d - Freezing Cloud                 Conjuration/Ice/Air          6
   e - Ring of Flames                 Charms/Fire                  7
Comestibles
 f - 11 bread rations
 m - 6 royal jellies
 o - 8 chunks of flesh
 v - 5 meat rations
 V - 7 fruits


   Skills:
 + Level 9.0(14.0) Fighting
 + Level 13.2(18.2) Long Blades
 + Level 10.3(15.3) Armour
 + Level 2.8(7.8) Dodging
 + Level 1.2(6.2) Stealth
 + Level 12.9(17.9) Shields
 + Level 1.6 Invocations
 + Level 0.8 Evocations


You had 10 spell levels left.
You didn't know any spells.

Dungeon Overview and Level Annotations

Branches:
Dungeon (11/15)            Temple (1/1) D:4            Lair (1/6) D:10
    Orc: D:9-12

Altars:
Ashenzari
Cheibriados
Dithmenos
Elyvilon
Gozag
Makhleb
Nemelex Xobeh
Okawaru
Sif Muna
Vehumet
Yredelemnul
Zin
The Shining One

Shops:
D:7 (*[:

Annotations:
Lair:1 Gastronok


Innate Abilities, Weirdness & Mutations

You reflexively headbutt those who attack you in melee.
You have a pair of horns on your head.


Message History

Gastronok is heavily wounded.
The blink frog hits you!
* * * LOW HITPOINT WARNING * * *
You are feeling hungry.
You hit Gastronok but do no damage. You headbutt Gastronok!
Gastronok is heavily wounded.
The blink frog blinks!
You feel much better.
The blink frog blinks!
Gastronok bites you!
* * * LOW HITPOINT WARNING * * *
As you read the scroll of teleportation, it crumbles to dust.
You feel strangely unstable.
The blink frog hits you but does no damage.
You hit the blink frog.
The blink frog is almost dead.
You block the blink frog's attack.
Unknown command.
You closely miss the blink frog. Your headbutt misses the blink frog.
The blink frog is almost dead.
Gastronok bites you!
You die...

#≈≈≈≈.<.≈≈≈.####P....##...
#.≈≈≈≈.b≈≈≈..# ##....P#...
#.≈≈≈≈≈≈≈≈≈.####...(..P..##
#..≈≈≈≈≈≈≈≈..............#.
#..≈≈≈≈≈≈≈≈................
#.#..≈≈.......F............ ##
#!.....##..................
.######!.....###w###.#...P.......
.............###@# ##......P.....
##########...P##F# #.......P...P.
####.....###.............
##.⌠.####..#..............
###.....# #..##.............
#.#⌠.>.⌠###.................
##......##.............#..#. ###
###...###P............P....
##.### #.#...###..#.##[..........


You could see Gastronok and a blink frog.

Vanquished Creatures
  A two-headed ogre (D:11)
  A death knight (D:9)
  An unseen horror (D:11)
  A mana viper (shapeshifter) (D:9)
  An ugly thing (D:9)
  A black mamba (Lair:1)
  Joseph (D:8)
  A spiny frog (Lair:1)
  A gargoyle (D:10)
  A rime drake (Lair:1)
  A tengu conjurer (D:9)
  A meliai (shapeshifter) (D:9)
  A hornet (D:11)
  4 blink frogs (Lair:1)
  A hippogriff (D:11)
  A meliai zombie (D:11)
  A spriggan (D:7)
  A wraith (D:11)
  3 yaks (D:9)
  A wyvern (D:9)
  A basilisk (D:10)
  A hungry ghost (D:8)
  7 porcupines
  A soldier ant (D:9)
  A water moccasin (Lair:1)
  4 orc warriors
  4 black bears
  An ice beast (D:8)
  A sky beast (D:6)
  An eye of draining (D:11)
  6 ogres
  2 phantoms
  2 centaurs (D:9)
  9 wolves
  5 crocodiles
  A big kobold (D:11)
  2 bullfrogs
  A gnoll sergeant (D:9)
  2 wyvern zombies
  4 scorpions
  13 killer bees
  6 wights
  3 howler monkeys
  2 electric eels (Lair:1)
  4 crimson imps
  2 bullfrog zombies
  A gnoll shaman (D:6)
  2 hounds
  2 bullfrog skeletons
  5 orc priests
  4 iguanas
  8 orc wizards
  5 worker ants
  Terence (D:3)
  A hound skeleton (D:6)
  A hound zombie (D:5)
  9 adders
  10 gnolls
  A white imp (D:7)
  An ooze (D:5)
  2 adder zombies
  3 worms
  An adder skeleton (D:7)
  4 dart slugs
  4 leopard geckos
  37 orcs
  8 bats
  2 giant cockroaches
  9 hobgoblins
  7 jackals
  10 kobolds
  4 quokkas
  2 ball pythons
  5 frilled lizards
  7 goblins
  A leopard gecko skeleton (D:4)
  2 quokka skeletons
  A quokka zombie (D:7)
  5 rats
276 creatures vanquished.

Vanquished Creatures (others)
  A centaur (D:6)
  A leopard gecko (D:5)
2 creatures vanquished.

Grand Total: 278 creatures vanquished

Notes
Turn   | Place    | Note
-------+----------+-------------------------------------------
     0 | D:1      | Peloso the Minotaur Fighter began the quest for the Orb.
     0 | D:1      | Reached XP level 1. HP: 19/19 MP: 0/0
   270 | D:1      | Reached XP level 2. HP: 23/27 MP: 1/1
   333 | D:1      | Reached skill level 3 in Long Blades
   427 | D:1      | Reached XP level 3. HP: 31/33 MP: 2/2
   877 | D:2      | Found a deep blue altar of Sif Muna.
  1130 | D:3      | Found a shattered altar of Ashenzari.
  1130 | D:3      | Noticed Terence
  1143 | D:3      | Killed Terence
  1143 | D:3      | Reached XP level 4. HP: 32/40 MP: 3/3
  1155 | D:3      | Reached skill level 4 in Long Blades
  1320 | D:3      | Reached XP level 5. HP: 47/47 MP: 4/4
  1533 | D:3      | Found a basalt altar of Yredelemnul.
  1587 | D:3      | Found a white marble altar of Elyvilon.
  1838 | D:4      | Noticed an ogre
  1967 | D:4      | Killed an ogre
  1967 | D:4      | Reached skill level 5 in Long Blades
  1967 | D:4      | Reached XP level 6. HP: 8/53 MP: 5/5
  2140 | D:4      | Reached skill level 5 in Shields
  2153 | D:4      | Found a staircase to the Ecumenical Temple.
  2164 | Temple   | Entered the Ecumenical Temple
  2224 | Temple   | Became a worshipper of Warmaster Okawaru
  2893 | D:4      | Reached skill level 5 in Armour
  3026 | D:4      | Reached skill level 1 in Stealth
  3040 | D:5      | Entered Level 5 of the Dungeon
  3088 | D:5      | Reached skill level 6 in Long Blades
  3088 | D:5      | Reached XP level 7. HP: 47/60 MP: 6/6
  3324 | D:5      | Found a burning altar of Makhleb.
  3324 | D:5      | Noticed a blizzard demon
  3327 | D:5      | Noticed a smoke demon
  3327 | D:5      | Noticed an orange demon
  3514 | D:5      | Reached skill level 5 in Fighting
  3565 | D:5      | Found Zin's Purification Station.
  3567 | D:5      | Found a glowing silver altar of Zin.
  3637 | D:5      | Bought a potion of curing for 90 gold pieces
  3705 | D:5      | Reached skill level 1 in Dodging
  3802 | D:5      | Found a sparkling altar of Nemelex Xobeh.
  4062 | D:6      | Reached * piety under Okawaru
  4094 | D:6      | Reached skill level 7 in Long Blades
  4313 | D:6      | Reached XP level 8. HP: 68/68 MP: 7/7
  4371 | D:6      | Found a radiant altar of Vehumet.
  4409 | D:6      | Found a shadowy altar of Dithmenos.
  4414 | D:6      | Reached skill level 8 in Long Blades
  4760 | D:6      | Identified the Handbook of the Entourage and Transmutation
  4898 | D:6      | Found a deep blue altar of Sif Muna.
  5063 | D:7      | Found a shattered altar of Ashenzari.
  5096 | D:7      | Found an opulent altar of Gozag.
  5160 | D:7      | Reached skill level 9 in Long Blades
  5162 | D:7      | Reached ** piety under Okawaru
  5424 | D:7      | Found Monysecw's Magic Scroll Shoppe.
  5433 | D:7      | Bought a scroll of remove curse for 30 gold pieces
  5433 | D:7      | Bought a scroll of enchant armour for 75 gold pieces
  5433 | D:7      | Bought a scroll of identify for 20 gold pieces
  5433 | D:7      | Bought a scroll of noise for 10 gold pieces
  5433 | D:7      | Bought a scroll of identify for 20 gold pieces
  5444 | D:7      | Found Vejohin's Armour Shop.
  5462 | D:7      | Found Riuputaf's Assorted Antiques.
  5545 | D:7      | Reached XP level 9. HP: 68/75 MP: 8/8
  5737 | D:7      | Found Duxkoanu's Antique Weapon Boutique.
  5745 | D:7      | Found Ariala's Book Shoppe.
  5868 | D:7      | Found a glowing golden altar of the Shining One.
  6213 | D:8      | Noticed Joseph
  6237 | D:8      | Reached skill level 10 in Long Blades
  6272 | D:8      | Killed Joseph
  6451 | D:8      | Reached *** piety under Okawaru
  6659 | D:8      | Reached skill level 1 in Invocations
  6995 | D:9      | Noticed a death knight
  6995 | D:9      | Reached skill level 11 in Long Blades
  6997 | D:9      | Noticed a tengu conjurer
  7269 | D:9      | Noticed a meliai
  7269 | D:9      | a basilisk changed into a meliai
  7275 | D:9      | Killed a meliai
  7445 | D:9      | Killed a tengu conjurer
  7445 | D:9      | Reached skill level 10 in Shields
  7445 | D:9      | Reached XP level 10. HP: 85/86 MP: 6/9
  7510 | D:9      | HP: 3/86 [mirror damage (6)]
  7514 | D:9      | Killed a death knight
  7514 | D:9      | Reached **** piety under Okawaru
  7892 | D:9      | Noticed a purple ugly thing
  7913 | D:9      | Killed a purple ugly thing
  8135 | D:9      | Reached ***** piety under Okawaru
  8150 | D:9      | Reached skill level 12 in Long Blades
  8326 | D:9      | Received a gift from Okawaru
  8716 | D:7      | Bought a scroll of teleportation for 30 gold pieces
  8756 | D:7      | Bought a runed long sword for 130 gold pieces
  8855 | D:10     | Entered Level 10 of the Dungeon
  8885 | D:10     | Noticed a gargoyle
  8894 | D:10     | Killed a gargoyle
  9217 | D:9      | Noticed a mana viper
  9231 | D:9      | Killed a mana viper
  9506 | D:10     | Reached XP level 11. HP: 88/94 MP: 11/11
  9538 | D:10     | Found a staircase to the Lair.
  9542 | D:10     | Got a spiked scarf
  9595 | D:10     | Identified the cursed scarf of the Farrier {+Fly rPois Str+8 Slay-4} (You found it on level 10 of the Dungeon)
  9821 | D:10     | Received a gift from Okawaru
 10010 | D:11     | Noticed a two-headed ogre
 10026 | D:11     | Killed a two-headed ogre
 10093 | D:11     | Paralysed by a hornet for 3 turns
 10316 | D:11     | Noticed an unseen horror
 10377 | D:11     | Killed an unseen horror
 10586 | D:11     | Noticed a seven-headed hydra
 10652 | Lair:1   | Entered Level 1 of the Lair of Beasts
 10801 | Lair:1   | Reached skill level 10 in Armour
 10885 | Lair:1   | Reached skill level 13 in Long Blades
 11279 | Lair:1   | Noticed Gastronok
 11347 | Lair:1   | Slain by Gastronok

Skill      XL: |  1  2  3  4  5  6  7  8  9 10 11 |
---------------+----------------------------------+-----
Shields        | 4 5 6 8 10 11 12 | 12.9
Long Blades    | 3 4 5 6 7 9 11 12 13 | 13.2
Fighting       | 4 5 7 8 9 |  9.0
Armour         | 4 5 6 7 9 10 | 10.3
Stealth        | 1 |  1.2
Dodging        | 1 2 |  2.8
Invocations    | 1 |  1.6
Evocations     | |  0.8

Action                   |  1- 3 |  4- 6 |  7- 9 | 10-12 || total
-------------------------+-------+-------+-------+-------++-------
Melee: Long sword        |    98 |   133 |   252 |       ||   483
       Headbutt          |    16 |    25 |    87 |   137 ||   265
       Falchion          |       |       |   168 |   589 ||   757
Invok: Heroism           |       |       |     4 |     6 ||    10
Evoke: Wand              |       |     3 |       |     5 ||     8
  Use: Scroll            |       |     2 |     2 |    10 ||    14
       Potion            |       |       |     1 |     5 ||     6
  Eat: Chunk             |       |     5 |    14 |    12 ||    31
       Royal jelly       |       |     1 |       |       ||     1
       Fruit             |       |       |       |     2 ||     2
Armor: Scale mail        |    43 |    14 |       |       ||    57
       Chain mail        |       |    26 |    16 |   119 ||   161
       Plate armour      |       |       |   123 |    31 ||   154
Dodge: Dodged            |    27 |    33 |    45 |    99 ||   204
Block: Shield            |    55 |    71 |   281 |   437 ||   844
       Reflection        |       |     1 |     4 |    17 ||    22
       Rpst.: Long sword |     9 |    10 |    10 |       ||    29
       Falchion          |       |       |     4 |    23 ||    27
